 Dungeon Crawl Stone Soup version 0.26.0-7-g794d0892b4 (webtiles) character file.

Game seed: 1313740073640345864

88 Acheron the Chopper (level 4, -3/29 HPs)
             Began as a Tengu Chaos Knight on Jan 11, 2021.
             Was a Plaything of Xom.
             Slain by a worm (5 damage)
             ... on level 2 of the Dungeon.
             The game lasted 00:04:36 (1283 turns).

Acheron the Chopper (Tengu Chaos Knight)            Turns: 1283, Time: 00:04:37

Health: -3/29      AC:  6    Str: 14    XL:     4   Next: 53%
Magic:  5/5        EV: 11    Int: 12    God:    Xom [..*...]
Gold:   82         SH:  0    Dex: 13    Spells: 3/3 levels left

rFire    . . .     SeeInvis .   a - +0 hand axe (chaos)
rCold    . . .     Faith    .   (no shield)
rNeg     . . .     Spirit   .   b - +3 leather armour
rPois    .         Reflect  .   (helmet restricted)
rElec    .         Harm     .   (no cloak)
rCorr    .         Rampage  .   (no gloves)
Will     .....                  (boots unavailable)
Stlth    +.........             (no amulet)
HPRegen  0.09/turn              (no ring)
MPRegen  0.09/turn              (no ring)

@: mighty, lethally poisoned (-3 -> -9)
A: beak, talons 3
a: Renounce Religion


You were on level 2 of the Dungeon.
You worshipped Xom.
You were a toy of Xom.
You visited 1 branch of the dungeon, and saw 3 of its levels.

You collected 82 gold pieces.

Inventory:

Hand Weapons
 a - a +0 hand axe of chaos (weapon)
 m - a +3 spear of venom
Missiles
 f - 7 stones
 j - 46 sling bullets
 k - 11 poisoned darts (quivered)
Armour
 b - a +3 leather armour (worn)
 c - a +0 scale mail
Potions
 h - a potion of magic


   Skills:
 + Level 3.9 Fighting
 + Level 4.5 Axes
 + Level 2.3 Armour
 + Level 1.5 Dodging
 + Level 0.2 Stealth


You had 3 spell levels left.
You didn't know any spells.
Your spell library was empty.

Dungeon Overview and Level Annotations

Branches:
Dungeon (3/15)

Altars:

Annotations:
D:2 Robin
D:3 Sigmund


Innate Abilities, Weirdness & Mutations

You have a beak for a mouth.
You have claws for feet.


Message History

* * * LOW HITPOINT WARNING * * *
You feel sick. "Let's try an experiment, hmmm?"
Nothing appears to happen...
Ominous!
The giant cockroach closely misses you.
You closely miss the giant cockroach. You peck the giant cockroach.
The giant cockroach is moderately wounded.
* * * LOW HITPOINT WARNING * * *
You feel sick.
The giant cockroach bites you but does no damage.
You slash the giant cockroach!
You kill the giant cockroach!
* * * LOW HITPOINT WARNING * * *
You feel sick.
* * * LOW HITPOINT WARNING * * *
You feel sick.
It was a potion of might.
You feel very mighty all of a sudden.
* * * LOW HITPOINT WARNING * * *
You feel sick. The worm bites you.
You die...

...g...g..# ...# >g....g.#.$.
#... ...gg...# #<.####.#. ###
.....g.<# #...รท..## ....
....gg.g# #####.... ...
#.g###### ##..# ...##.#######
.## #....
.......)....####..#########....
.............w@...........(....
............#####..########....
......###...### #.##...)w.....
.....# ##....####.##..........
.##.# ##.#..........####.... #.
#..#....#............ #
#....####..w#.....#.. ###..#
###.#.#####.. #....# #...# #..


You could see a worm.

Vanquished Creatures
  Jessica (D:2)
  2 adders (D:2)
  An ooze (D:2)
  3 leopard geckos
  2 giant cockroaches
  5 goblins (D:1)
  8 hobgoblins
  4 frilled lizards (D:1)
  3 kobolds (D:1)
  9 rats
38 creatures vanquished.

Notes
Turn   | Place    | Note
-------+----------+-------------------------------------------
     0 | D:1      | Acheron the Tengu Chaos Knight began the quest for the Orb.
     0 | D:1      | Reached XP level 1. HP: 14/14 MP: 2/2
   165 | D:1      | XOM: silly message
   306 | D:1      | Reached XP level 2. HP: 15/19 MP: 3/3
   311 | D:1      | XOM: cast spell 'Leda's Liquefaction'
   474 | D:3      | Noticed Sigmund
   475 | D:3      | XOM: butterfly on damage
   630 | D:2      | XOM: divination: detect items
   635 | D:2      | Reached skill level 4 in Axes
   635 | D:2      | Reached XP level 3. HP: 20/23 MP: 4/4
   671 | D:2      | Noticed Robin
  1010 | D:1      | XOM: noise
  1210 | D:2      | Noticed Jessica
  1218 | D:2      | Killed Jessica
  1219 | D:2      | Reached XP level 4. HP: 24/29 MP: 5/5
  1278 | D:2      | XOM: silly message
  1283 | D:2      | Slain by a worm

Illustrated notes

Levels and vault maps discovered:
D:1:      psy_arrival_radial01, layout_rooms, minmay_misc_feat_rows
D:2:      layout_rooms, gammafunk_temple_overflow_wave,
          nicolae_qazlal_general_emergency, marbit_many_paths, uniq_robin,
          uniq_jessica
D:3:      layout_basic, lemuel_round_altar, lemuel_crystal_altar,
          overflow_temple_1_default, minitemple, minmay_surrounded, uniq_sigmund

Skill      XL: |  1  2 |
---------------+-------+-----
Axes           | 4 |  4.5
Fighting       | |  3.9
Armour         | |  2.3
Dodging        | |  1.5
Stealth        | |  0.2

Action                   |  1- 3 |  4- 6 || total
-------------------------+-------+-------++-------
Melee: Hand axe          |    65 |    16 ||    81
       Kick              |     9 |     3 ||    12
       Peck              |     7 |     3 ||    10
  Use: Scroll            |     7 |       ||     7
       Potion            |       |     1 ||     1
 Stab: Sleeping          |     1 |       ||     1
Armor: Leather armour    |    17 |     4 ||    21
Dodge: Dodged            |    48 |    12 ||    60
